[Event "Early-Titled-Tuesday-Blitz-September-12-2023"]
[Site "Chess.com"]
[Date "2023.09.12"]
[Round "4"]
[White "gshwbedhkhd"]
[Black "MusicCityMaster"]
[Result "1-0"]
[WhiteElo "2559"]
[BlackElo "2382"]
[TimeControl "180+1"]
[EndTime "8:37:13 PDT"]
[Termination "gshwbedhkhd won on time"]

1. e4 c5 2. Nf3 d6 3. d4 cxd4 4. Nxd4 Nf6 5. Nc3 a6 6. Bd3 e6 7. g4 b5 8. g5 Nfd7 9. a3 Bb7 10. f4 Nb6 11. Qe2 N8d7 12. Bd2 Qc7 13. O-O-O Nc5 14. Kb1 Be7 15. h4 O-O-O 16. h5 g6 17. f5 gxf5 18. exf5 e5 19. Ndxb5 axb5 20. Nxb5 Qd7 21. f6 Bf8 22. Ba5 Bxh1 23. Bxb6 Bb7 24. Bxd8 Qxd8 25. Bf5+ Kb8 26. Qxe5 Nd7 27. Rxd6 Bxd6 28. Qxd6+ Ka8 29. Bxd7 Re8 30. Nc7+ Ka7 31. Nxe8 Qa5 32. Qd4+ Kb8 33. Nd6 Qe1+ 34. Ka2 Qa5 35. Nc4 Qc7 36. Bb5 1-0

[Event "Early-Titled-Tuesday-Blitz-September-12-2023"]
[Site "Chess.com"]
[Date "2023.09.12"]
[Round "4"]
[White "stasOR4ik"]
[Black "Gyulamiryan-koryun"]
[Result "1-0"]
[WhiteElo "2441"]
[BlackElo "2016"]
[TimeControl "180+1"]
[EndTime "8:37:14 PDT"]
[Termination "stasOR4ik won on time"]

1. e4 c5 2. c3 e5 3. Nf3 Nc6 4. d4 cxd4 5. cxd4 exd4 6. Nxd4 Qf6 7. Be3 Bb4+ 8. Nc3 Nge7 9. Bc4 O-O 10. O-O Nxd4 11. Bxd4 Qg6 12. Nd5 Nc6 13. Nxb4 Nxb4 14. Bc5 Qxe4 15. Bxf8 Qxc4 16. Rc1 Qb5 17. Rc5 Qb6 18. Qc1 Nc6 19. Bd6 h6 20. Re1 Qd8 21. Rc4 b5 22. Rce4 Qf6 23. Qc2 g6 24. Re8+ Kh7 25.
Qxc6 dxc6 26. Be5 Qg7 27. Bxg7 Kxg7 28. R1e7 Kf6 29. Rc7 Bb7 30. Rxa8 Bxa8 31. Rxa7 1-0

[Event "Early-Titled-Tuesday-Blitz-September-12-2023"]
[Site "Chess.com"]
[Date "2023.09.12"]
[Round "4"]
[White "Ncatt"]
[Black "Akewjon"]
[Result "1-0"]
[WhiteElo "2549"]
[BlackElo "2709"]
[TimeControl "180+1"]
[EndTime "8:37:15 PDT"]
[Termination "Ncatt won by checkmate"]

1. e4 e5 2. Nf3 Nc6 3. Bc4 Nf6 4.
O-O Bc5 5. d4 Bxd4 6. Nxd4 Nxd4 7. f4 d6 8. fxe5 dxe5 9. Bg5 Be6 10. Na3 Qe7 11. c3 Nc6 12. Qf3 Rg8 13. Rad1 Bxc4 14. Nxc4 h6 15. Bxf6 gxf6 16. Ne3 Rg6 17. Nd5 Qc5+ 18.
Kh1 O-O-O 19. Nxf6 Rxd1 20. Rxd1 b6 21. Nd5 Qf8 22. Qf5+ Kb7 23. Qd7 Qd6 24. Qxf7 Nd8 25. Qf5 Rg5 26. Qf3 Ne6 27. g3 Nc5 28. b4 Na4 29. c4 Rg7 30. c5 bxc5 31. Nc3 Qa6 32. b5 Qa5 33. Qf6 Nxc3 34. Qc6+ Kc8 35. Qa8# 1-0

[Event "Early-Titled-Tuesday-Blitz-September-12-2023"]
[Site "Chess.com"]
[Date "2023.09.12"]
[Round "4"]
[White "Young_Catalan_Player09"]
[Black "Rurep26"]
[Result "1-0"]
[WhiteElo "2449"]
[BlackElo "2783"]
[TimeControl "180+1"]
[EndTime "8:37:16 PDT"]
[Termination "Young_Catalan_Player09 won by resignation"]

1. Nf3 d5 2. d4 c6 3. c4 Nf6 4. Nc3 g6 5. cxd5 cxd5 6. g3 Bg7 7. Bg2 O-O 8. O-O Nc6 9. Ne5 e6 10. Nxc6 bxc6 11. Bf4 Nd7 12. Rc1 Ba6 13. Qd2 e5 14. dxe5 Nxe5 15. b3 Re8 16. Rfd1 Rc8 17. Na4 Nd7 18. e3 Qe7 19. Qa5 Bb5 20. Qxa7 g5 21.
Bxg5 Qxg5 22. Qxd7 Rcd8 23. Qa7 Rd6 24. Nc3 Bxc3 25.
Rxc3 Rh6 26. Qd4 Ree6 27. a4 Be2 28. Re1 Bg4 29. a5 Ref6 30. a6 Qh5 31. h4 Qf5 32. Qf4 Qc8 33. Qa4 Qa8 34. Qxg4+ 1-0

[Event "Early-Titled-Tuesday-Blitz-September-12-2023"]
[Site "Chess.com"]
[Date "2023.09.12"]
[Round "4"]
[White "Zohid6"]
[Black "SantoBlue"]
[Result "1-0"]
[WhiteElo "2735"]
[BlackElo "2915"]
[TimeControl "180+1"]
[EndTime "8:37:20 PDT"]
[Termination "Zohid6 won by resignation"]

1. d4 d6 2. Nc3 Nf6 3. e4 e5 4. dxe5 dxe5 5. Qxd8+ Kxd8 6. Bc4 Ke8 7. f4 Bb4 8. fxe5 Nxe4 9. Ne2 Nc6 10. Bd5 Bf5 11. O-O Bc5+ 12. Kh1 Nf2+ 13. Kg1 Nxe5 14. h3 Nxh3+ 15.
Kh2 Nf2 16. Kg3 Neg4 17. Bf4 h5 18. Bxb7 h4+ 19. Kf3 Nh2+ 20. Bxh2 Bg4+ 21. Kf4 g5+ 22. Ke5 Rh6 23. Bxa8 Rd6 24. Ne4 Re6+ 25. Kd5 Nxe4 26. Nc3 Nxc3+ 27. bxc3 Be3 28. Rae1 Kd7 29. Rxf7+ Ke8 30.
Rxc7 Kd8 31. Bc6 Bf5 32. Rd7+ Kc8 33. Rf7 Rxc6 34. Kxc6 Be4+ 35. Kd6 Bg6 36. Rf8+ Kb7 37.
Rxe3 1-0

[Event "Early-Titled-Tuesday-Blitz-September-12-2023"]
[Site "Chess.com"]
[Date "2023.09.12"]
[Round "4"]
[White "Durarbayli"]
[Black "juancruzarias"]
[Result "1-0"]
[WhiteElo "2897"]
[BlackElo "2660"]
[TimeControl "180+1"]
[EndTime "8:37:20 PDT"]
[Termination "Durarbayli won on time"]

1. e4 c6 2. d4 d5 3. exd5 cxd5 4. c4 Nf6 5. Nc3 Nc6 6. Nf3 a6 7. Be3 Bg4 8. cxd5 Nxd5 9. Bc4 Be6 10. Bb3 Na5 11. Ng5 Nxe3 12. fxe3 Bxb3 13. axb3 e6 14.
Nxf7 Kxf7 15. Qh5+ Kg8 16. O-O Qd7 17. Rxa5 Bd6 18.
Ne4 Rf8 19. Rxf8+ Bxf8 20. Re5 Qc6 21. h3 Qc1+ 22. Kh2 g6 23. Qg4 1-0

[Event "Early-Titled-Tuesday-Blitz-September-12-2023"]
[Site "Chess.com"]
[Date "2023.09.12"]
[Round "4"]
[White "jeetjain"]
[Black "nihalsarin"]
[Result "0-1"]
[WhiteElo "2576"]
[BlackElo "3109"]
[TimeControl "180+1"]
[EndTime "8:37:20 PDT"]
[Termination "nihalsarin won by resignation"]

1. Nf3 a6 2. b3 b5 3. Bb2 Bb7 4. g3 Nf6 5. Bg2 e6 6. O-O Be7 7. d3 O-O 8. e4 d5 9. exd5 Nxd5 10. Nbd2 c5 11. d4 Nd7 12. c4 bxc4 13. Nxc4 a5 14. Nfe5 a4 15. bxa4 cxd4 16. Bxd4 Nxe5 17. Nxe5 Bf6 18.
Nf3 Bxd4 19. Qxd4 Qa5 20. Rab1 Nc3 21. Rb2 Ba6 22. Re1 Nxa4 23. Rbb1 Rfd8 24. Qb4 Qxb4 25. Rxb4 Nc5 26. Ne5 Rac8 27. Ra1 f6 28. Nc6 Rd7 29.
a4 Rdc7 30. Nd4 Kf7 31. a5 e5 32. Nf5 Rd8 33. Rb6 g6 34. Nd6+ Ke7 35. Nb5 Bxb5 36.
Rxb5 Na6 37. Rb6 Rd6 38. Bf1 Nc5 39. Rxd6 Kxd6 40. a6 Ra7 41. Rb1 Kc6 42. Rc1 e4 43. g4 f5 44. gxf5 gxf5 45. Kg2 Rg7+ 46. Kh3 Kd5 47.
Ra1 Ne6 48. Ra5+ Kd4 49. Rxf5 Ng5+ 50. Kh4 Nf3+ 51. Kh5 Nxh2 52. Bb5 Ra7 53. Kh6 Nf3 54. Rf8 Ne5 55. Rg8 Kc5 56. Be2 Nd3 57. f3 Rxa6+ 58. Kxh7 Ra2 59. Bxd3 exd3 60. Rd8 d2 61. f4 Kc6 62. f5 Ra7+ 63. Kg6 Rd7 64. Rc8+ Kb7 0-1

[Event "Early-Titled-Tuesday-Blitz-September-12-2023"]
[Site "Chess.com"]
[Date "2023.09.12"]
[Round "4"]
[White "Casper"]
[Black "the_chess_child"]
[Result "0-1"]
[WhiteElo "2436"]
[BlackElo "2900"]
[TimeControl "180+1"]
[EndTime "8:37:20 PDT"]
[Termination "the_chess_child won on time"]

1. e4 c5 2. d4 cxd4 3. Qxd4 Nc6 4.
Qe3 g6 5. Nc3 Bg7 6. Bd2 Nf6 7. O-O-O d6 8. Nd5 Ng4 9. Qg3 h5 10. f3 h4 11. Qe1 Nge5 12. Bc3 e6 13. f4 O-O 14. Ne3 Nd7 15. Rxd6 Qc7 16. e5 Nc5 17.
Qxh4 Ne4 18. Rd3 Nxc3 19. Rxc3 f6 20. Nf3 fxe5 21. Bd3 exf4 22. Rxc6 bxc6 23. Bxg6 Bf6 24. Qg4 fxe3 0-1

[Event "Early-Titled-Tuesday-Blitz-September-12-2023"]
[Site "Chess.com"]
[Date "2023.09.12"]
[Round "4"]
[White "Gauravthegm"]
[Black "El_Matador12"]
[Result "0-1"]
[WhiteElo "2413"]
[BlackElo "2635"]
[TimeControl "180+1"]
[EndTime "8:37:20 PDT"]
[Termination "El_Matador12 won on time"]

1. e4 c6 2. d4 d5 3. exd5 cxd5 4. Bd3 Nc6 5. c3 Nf6 6. Bf4 Bg4 7. Qb3 Qd7 8. Nd2 e6 9. Ngf3 Bd6 10. Bxd6 Qxd6 11.
O-O O-O 12. Rae1 Rab8 13. Ne5 Bh5 14. Qc2 b5 15. a3 a5 16. Re3 b4 17. axb4 axb4 18.
f4 Rfc8 19. Nxc6 Qxc6 20. f5 bxc3 21. bxc3 exf5 22. Bxf5 Bg6 23. Bxg6 hxg6 24. Nf3 Qb6 25. Qd3 Ne4 26. Qc2 f5 27. Rc1 Rc7 28. Ne5 Rbc8 29.
Qa2 Qxd4 30. Re1 Rxc3 0-1

[Event "Early-Titled-Tuesday-Blitz-September-12-2023"]
[Site "Chess.com"]
[Date "2023.09.12"]
[Round "4"]
[White "dadice10"]
[Black "ItsCheckM8Mate"]
[Result "0-1"]
[WhiteElo "2199"]
[BlackElo "2408"]
[TimeControl "180+1"]
[EndTime "8:37:21 PDT"]
[Termination "ItsCheckM8Mate won by resignation"]

1. e4 c6 2. d4 d5 3. exd5 cxd5 4. c4 Nf6 5. Nc3 Nc6 6. Bg5 Be6 7. a3 g6 8. c5 Bg7 9. Bb5 O-O 10. Nge2 Ne4 11. Be3 Qa5 12. Bxc6 bxc6 13. O-O Rfd8 14. b4 Qc7 15.
Rc1 Bf5 16. Bf4 Qc8 17. f3 Nxc3 18. Nxc3 f6 19. Re1 Re8 20. g4 Bd7 21. Qb3 e5 22. Bg3 exd4 23. Ne4 Qa6 24. Nd6 Rxe1+ 25. Rxe1 Bf8 26.
b5 Qa5 27. bxc6 Bxc6 28. Re6 Qxc5 29. Rxf6 d3+ 30. Bf2 Qc2 0-1

[Event "Early-Titled-Tuesday-Blitz-September-12-2023"]
[Site "Chess.com"]
[Date "2023.09.12"]
[Round "4"]
[White "nitpicker"]
[Black "younix2022"]
[Result "0-1"]
[WhiteElo "2276"]
[BlackElo "2023"]
[TimeControl "180+1"]
[EndTime "8:37:22 PDT"]
[Termination "younix2022 won on time"]

1. d4 Nf6 2. c4 c5 3. d5 b5 4. cxb5 a6 5. e3 axb5 6. Bxb5 Qa5+ 7. Nc3 Na6 8. Ne2 g6 9. a4 Bg7 10. O-O O-O 11. e4 Nc7 12. Bd3 d6 13. h3 Na6 14.
Ra3 Nb4 15. Bb1 Ba6 16. Bg5 h6 17.
Bh4 g5 18. Bg3 Nh5 19. Bh2 Nf4 20.
Nxf4 gxf4 21. Re1 Be5 22. Qg4+ Kh8 23. Bxf4 Rg8 24. Bxe5+ dxe5 25. Qh5 Rg6 26. Qxe5+ Kh7 27. Qxe7 Rag8 28. e5 Nd3 29. Bxd3 Bxd3 30. g4 Qb4 31. Qxf7+ R8g7 32. Qf3 Rxg4+ 33. Kh1 Rf4 34. Qxd3+ Kh8 35. Qb5 Qd4 36. Qe8+ Kh7 37. Re2 Rxf2 38. Ra1 Rxe2 39. Nxe2 Qe4+ 0-1

[Event "Early-Titled-Tuesday-Blitz-September-12-2023"]
[Site "Chess.com"]
[Date "2023.09.12"]
[Round "4"]
[White "MKlose11"]
[Black "BJthechessgod"]
[Result "1-0"]
[WhiteElo "2617"]
[BlackElo "2403"]
[TimeControl "180+1"]
[EndTime "8:37:23 PDT"]
[Termination "MKlose11 won by resignation"]

1. e4 c5 2. Nc3 e6 3. g3 Nc6 4. Bg2 Nf6 5. d3 Be7 6. h3 O-O 7.
Nge2 d5 8. O-O d4 9. Nb1 e5 10. f4 b5 11. a4 Rb8 12. axb5 Rxb5 13. Na3 Rb8 14. Nc4 Nd7 15. fxe5 Ndxe5 16. Nxe5 Nxe5 17. Nf4 Nc6 18. Nd5 Bd6 19. Bf4 Be6 20. b3 Bxd5 21.
exd5 Bxf4 22. Rxf4 Nb4 23. Rxa7 Nxd5 24. Bxd5 Qxd5 25.
Qf3 Qxf3 26. Rxf3 f6 27. Rf5 Rfc8 28. Rd5 Ra8 29. Rdd7 Rxa7 30. Rxa7 Re8 31. Kf2 Re5 32. Rd7 h5 33. h4 Kh7 34. Rb7 Kh6 35. b4 cxb4 36. Rxb4 Rc5 37. Rc4 Rxc4 38. dxc4 Kg6 39.
Ke2 Kf5 40. Kd3 Ke5 41. c5 Kd5 42. c6 Kxc6 43. Kxd4 g5 44. Ke4 gxh4 45. gxh4 Kc5 46. Kf5 Kd4 47. Kxf6 Kc3 48. Kg5 Kxc2 49. Kxh5 Kd3 50.
Kg6 Ke4 51. h5 Ke5 52. Kg7 Ke6 53. h6 1-0

[Event "Early-Titled-Tuesday-Blitz-September-12-2023"]
[Site "Chess.com"]
[Date "2023.09.12"]
[Round "4"]
[White "Happy1712Drummer"]
[Black "VSanduleac"]
[Result "0-1"]
[WhiteElo "2356"]
[BlackElo "2533"]
[TimeControl "180+1"]
[EndTime "8:37:23 PDT"]
[Termination "VSanduleac won on time"]

1. e4 g6 2. d4 Bg7 3. Nc3 c6 4. g3 d5 5. Nge2 Bg4 6. Bg2 dxe4 7. Bxe4 Nf6 8. Bg2 O-O 9. O-O Nbd7 10. h3 Bxe2 11.
Nxe2 e6 12. c3 Qb6 13. a4 a5 14. Nf4 Nd5 15. Nd3 Rfe8 16. Re1 Rad8 17. Bg5 Bf6 18. Bd2 e5 19. Bxd5 cxd5 20. dxe5 Nxe5 21. Nxe5 Bxe5 22.
Qf3 Qxb2 23. Bg5 Rd7 24. Bh6 f5 25. Rab1 Qc2 26. Rb5 Kf7 27. Rxd5 Rde7 28. Bg5 Bf6 29. Rxe7+ Rxe7 30. Bxf6 Kxf6 31. Rd6+ Kg7 32. Kg2 Qe4 33. Qxe4 fxe4 34. Rd5 b6 35. Rb5 Re6 36. Kf1 e3 37. f3 e2+ 38. Ke1 Kf7 39. Rb2 Re3 40. Rxe2 Rxc3 41.
Rb2 Rxf3 0-1

[Event "Early-Titled-Tuesday-Blitz-September-12-2023"]
[Site "Chess.com"]
[Date "2023.09.12"]
[Round "4"]
[White "DenLaz"]
[Black "ckgchess"]
[Result "1-0"]
[WhiteElo "3078"]
[BlackElo "2863"]
[TimeControl "180+1"]
[EndTime "8:37:24 PDT"]
[Termination "DenLaz won on time"]

1. d4 Nf6 2. c4 e6 3. Nf3 d5 4. g3 Be7 5. Bg2 O-O 6. O-O dxc4 7. Qc2 a6 8. a4 Bd7 9. Qxc4 Bc6 10. Bg5 Nbd7 11.
Rd1 h6 12. Bxf6 Nxf6 13. Nbd2 Qd5 14. Qxd5 Bxd5 15. Ne5 Bxg2 16. Kxg2 Rfd8 17. Ndc4 c5 18. dxc5 Bxc5 19. Rac1 b5 20. axb5 axb5 21. Nd2 Bd4 22. Nd3 Nd5 23. Nf3 Bb6 24. Nfe5 Ne7 25. Nc6 Nxc6 26.
Rxc6 Bd4 27. Rdc1 e5 28. R1c2 e4 29. Nc5 e3 30. f4 Rdc8 31. Nd3 Rxc6 32. Rxc6 Ra2 33.
Rc2 Ra1 34. Rc8+ Kh7 35. Rb8 Rd1 36. Kf3 Rf1+ 37. Ke4 Bf6 38. Rxb5 g5 39. fxg5 hxg5 40. Rf5 1-0

[Event "Early-Titled-Tuesday-Blitz-September-12-2023"]
[Site "Chess.com"]
[Date "2023.09.12"]
[Round "4"]
[White "ozates"]
[Black "Witik"]
[Result "1-0"]
[WhiteElo "2560"]
[BlackElo "2734"]
[TimeControl "180+1"]
[EndTime "8:37:24 PDT"]
[Termination "ozates won on time"]

1. e4 c6 2. d4 d5 3. exd5 cxd5 4. c4 Nf6 5. Nc3 e6 6. Nf3 Be7 7. Bd3 dxc4 8. Bxc4 Nc6 9. O-O O-O 10. Bg5 b6 11. a3 Bb7 12. Qd3 a6 13. Rad1 b5 14.
Ba2 b4 15. Bb1 g6 16. Ne2 Nd5 17. Bh6 Re8 18. Rfe1 bxa3 19. bxa3 Qa5 20. h4 Qxa3 21. Qe4 Rab8 22. Nf4 Nf6 23. Qe2 Ng4 24. Bg5 Bb4 25. Ne5 Ngxe5 26. dxe5 Bxe1 27. Rxe1 Nd4 28. Qg4 Bf3 29.
Qg3 Rxb1 30. Rxb1 Ne2+ 31. Nxe2 Qa2 32. Nc3 1-0

[Event "Early-Titled-Tuesday-Blitz-September-12-2023"]
[Site "Chess.com"]
[Date "2023.09.12"]
[Round "4"]
[White "Artemiki"]
[Black "amylazy"]
[Result "0-1"]
[WhiteElo "2141"]
[BlackElo "2461"]
[TimeControl "180+1"]
[EndTime "8:37:24 PDT"]
[Termination "amylazy won on time"]

1. e4 c5 2. Nf3 e6 3. d4 cxd4 4.
Nxd4 a6 5. Nc3 Qc7 6. Bd3 Nf6 7.
Qe2 d6 8. O-O Nbd7 9. f4 Be7 10.
Kh1 O-O 11. f5 Nc5 12. fxe6 fxe6 13. Be3 b5 14. a3 Re8 15. Rac1 Bb7 16. Bd2 Qb6 17.
Be3 b4 18. axb4 Qxb4 19. Bc4 d5 20. exd5 exd5 21. Bd3 Qxb2 22. Qd2 Nxd3 23. cxd3 Qxd2 24. Bxd2 Bc5 25. Nb3 Bb4 26. Rf2 a5 27. Na4 Ng4 0-1

[Event "Early-Titled-Tuesday-Blitz-September-12-2023"]
[Site "Chess.com"]
[Date "2023.09.12"]
[Round "4"]
[White "wonderfultime"]
[Black "Mops_2004"]
[Result "1-0"]
[WhiteElo "2997"]
[BlackElo "2746"]
[TimeControl "180+1"]
[EndTime "8:37:25 PDT"]
[Termination "wonderfultime won by resignation"]

1. d4 g6 2. e4 Bg7 3. Bc4 c5 4. dxc5 Qa5+ 5. c3 Qxc5 6. Bb3 Nf6 7. Be3 Qc7 8. Nd2 O-O 9. h3 b6 10. Ne2 Bb7 11. Ng3 d5 12. exd5 Nxd5 13. Bxd5 Bxd5 14.
O-O f5 15. f4 e5 16. Nf3 Bc4 17.
Nxe5 Bxe5 18. fxe5 Rd8 19. Bd4 Bxf1 20. Qxf1 Qf7 21.
Re1 Qe6 22. Ne2 g5 23. Ng3 Rf8 24. Nh5 Nc6 25. Nf6+ Kh8 26. h4 Rad8 27. Qf2 gxh4 28. Qxh4 Rf7 29. Re3 Ne7 30. Rh3 1-0

[Event "Early-Titled-Tuesday-Blitz-September-12-2023"]
[Site "Chess.com"]
[Date "2023.09.12"]
[Round "4"]
[White "AndresDelgado77"]
[Black "Inepton_Fermion"]
[Result "1-0"]
[WhiteElo "2305"]
[BlackElo "2364"]
[TimeControl "180+1"]
[EndTime "8:37:25 PDT"]
[Termination "AndresDelgado77 won by resignation"]

1. e4 g6 2. d4 Bg7 3. Nf3 c5 4. dxc5 Qa5+ 5. c3 Qxc5 6. Na3 Bxc3+ 7. bxc3 Qxc3+ 8. Bd2 Qxa3 9. Bc4 d6 10. O-O Nf6 11.
e5 dxe5 12. Nxe5 O-O 13. Bh6 e6 14. Qd4 Qe7 15. Bxf8 Qxf8 16. Rfd1 Qe7 17. Qd8+ Qxd8 18. Rxd8+ Kg7 19. Rxc8 a6 20. a4 b6 21. Be2 Nd5 22. Bf3 1-0

[Event "Early-Titled-Tuesday-Blitz-September-12-2023"]
[Site "Chess.com"]
[Date "2023.09.12"]
[Round "4"]
[White "Cayse"]
[Black "lachesisQ"]
[Result "0-1"]
[WhiteElo "2862"]
[BlackElo "3075"]
[TimeControl "180+1"]
[EndTime "8:37:27 PDT"]
[Termination "lachesisQ won on time"]

1. e4 c5 2. Nf3 d6 3. Bb5+ Nd7 4.
d4 cxd4 5. Qxd4 a6 6. Bxd7+ Bxd7 7. O-O Nf6 8. Bg5 e6 9. Nbd2 h6 10. Bxf6 Qxf6 11. e5 dxe5 12. Nxe5 Bb5 13. c4 Rd8 14. Qe3 Bd6 15. Ndf3 Bc6 16. Nxc6 bxc6 17. Qb6 O-O 18. b3 g5 19. Qxc6 g4 20. Rad1 Bf4 21. Rxd8 Rxd8 22. Ne1 Rd2 23. g3 Be5 24. Ng2 Bd4 25. Nf4 Qe5 26. Kg2 Rxa2 27. h3 h5 28.
hxg4 hxg4 29. Nd3 Qe3 30. Qa8+ Kg7 0-1

[Event "Early-Titled-Tuesday-Blitz-September-12-2023"]
[Site "Chess.com"]
[Date "2023.09.12"]
[Round "4"]
[White "Hasangatin_Ramil"]
[Black "dropstoneDP"]
[Result "0-1"]
[WhiteElo "2744"]
[BlackElo "3012"]
[TimeControl "180+1"]
[EndTime "8:37:28 PDT"]
[Termination "dropstoneDP won on time"]

1. e4 e5 2. Nf3 Nf6 3. d3 Nc6 4. c3 d5 5. Nbd2 a5 6. Be2 Bc5 7. O-O O-O 8. b3 Re8 9. Bb2 d4 10. cxd4 Nxd4 11. Rc1 Ba7 12. Nxd4 Bxd4 13. Bxd4 exd4 14.
f4 Qe7 15. Bf3 c6 16. Nc4 Be6 17. a4 Nd7 18. e5 Bxc4 19. Rxc4 Nb6 20. Rc1 f6 21.
Re1 Rad8 22. Qc2 Qb4 23. Qc5 fxe5 24. Qxb4 axb4 25. fxe5 Nd5 26. Rc4 Ne3 27. Rc5 Re6 28. a5 Rde8 29. a6 bxa6 30. Ra1 Rxe5 31. Rxc6 a5 32.
Ra6 Rc8 33. R6xa5 Rxa5 34. Rxa5 Rc3 35. Ra7 Rxd3 36. Kf2 Rxb3 37. Ke2 Kf8 38. Kd2 Rc3 39. Rb7 b3 40. Be4 b2 0-1

[Event "Early-Titled-Tuesday-Blitz-September-12-2023"]
[Site "Chess.com"]
[Date "2023.09.12"]
[Round "4"]
[White "turayev_shahruh17"]
[Black "jimmy-schlumpf"]
[Result "1/2-1/2"]
[WhiteElo "2816"]
[BlackElo "2328"]
[TimeControl "180+1"]
[EndTime "8:37:28 PDT"]
[Termination "Game drawn by agreement"]

1. d4 Nf6 2. c4 g6 3. g3 c6 4. Bg2 d5 5. cxd5 cxd5 6. Nf3 Bg7 7.
O-O O-O 8. Nc3 Ne4 9. Ne5 Nxc3 10. bxc3 Nc6 11. Nxc6 bxc6 12. Qa4 Bd7 13. Qa3 e5 14.
Be3 Re8 15. Rfe1 Qc7 16. Rac1 Rab8 17. dxe5 Bxe5 18. Bd4 Be6 19. e4 Bd6 20. Bc5 Bxc5 21. Qxc5 dxe4 22. Bxe4 Rb2 23. a3 Rd8 24. Red1 Rxd1+ 25. Rxd1 Qb6 26. Qd4 Qxd4 27. cxd4 Bd5 28. Rb1 Ra2 29.
Bxd5 cxd5 30. Rb5 Rxa3 31. Rxd5 a5 32. h4 a4 33. g4 Rd3 34. Kf1 a3 35. Ke2 a2 36.
Ra5 Rxd4 37. f3 h5 38. Ke3 Rb4 39. gxh5 1/2-1/2

[Event "Early-Titled-Tuesday-Blitz-September-12-2023"]
[Site "Chess.com"]
[Date "2023.09.12"]
[Round "4"]
[White "OPQRC"]
[Black "Sleepless_Knightmare"]
[Result "0-1"]
[WhiteElo "2587"]
[BlackElo "2412"]
[TimeControl "180+1"]
[EndTime "8:37:28 PDT"]
[Termination "Sleepless_Knightmare won by resignation"]

1. e4 c5 2. Nf3 e6 3. b3 g6 4. Bb2 Nf6 5. g3 Bg7 6. Bg2 O-O 7. Qe2 Nc6 8. O-O d5 9. d3 b5 10. Nbd2 c4 11. bxc4 bxc4 12. dxc4 Rb8 13. Ba3 Re8 14. Rab1 Ba6 15. Rxb8 Qxb8 16. Rb1 Qc7 17. e5 Nd7 18.
Bd6 Qa5 19. Nb3 Qxa2 20. Ra1 Bxc4 21. Rxa2 Bxe2 22. Nfd4 Nxd4 23. Nxd4 Bc4 24. Rxa7 Nxe5 25. Nb3 h5 26. h4 Ng4 27. Rb7 Bxb3 28. cxb3 Bd4 29.
b4 Nxf2 30. Kf1 Ne4 31. b5 Nxd6 0-1

[Event "Early-Titled-Tuesday-Blitz-September-12-2023"]
[Site "Chess.com"]
[Date "2023.09.12"]
[Round "4"]
[White "Byniolus"]
[Black "Tejas_Rama"]
[Result "1-0"]
[WhiteElo "2798"]
[BlackElo "2517"]
[TimeControl "180+1"]
[EndTime "8:37:29 PDT"]
[Termination "Byniolus won by resignation"]

1. d4 Nf6 2. Nf3 d5 3. Bf4 e6 4. e3 Bd6 5. Bg3 Bxg3 6. hxg3 O-O 7. Nbd2 c6 8. c3 Nbd7 9. Bd3 b6 10. g4 h6 11. g5 hxg5 12. Nxg5 g6 13. Qf3 Kg7 14.
O-O-O Bb7 15. e4 dxe4 16. Ndxe4 c5 17. Qf4 Nxe4 18. Bxe4 Bxe4 19. Nxe4 Rh8 20. Rxh8 Qxh8 21. dxc5 Nxc5 22. Qe5+ Kg8 23. Nf6+ Kf8 24. b4 Qh6+ 25. Kc2 Na6 26. Nd7+ Kg8 27. Nf6+ Kf8 28. Rd3 Rc8 29. Rh3 Qg7 30. Kb3 Nxb4 1-0

[Event "Early-Titled-Tuesday-Blitz-September-12-2023"]
[Site "Chess.com"]
[Date "2023.09.12"]
[Round "4"]
[White "MasterKroket"]
[Black "FGHSMN"]
[Result "0-1"]
[WhiteElo "2424"]
[BlackElo "2903"]
[TimeControl "180+1"]
[EndTime "8:37:30 PDT"]
[Termination "FGHSMN won on time"]

1. e4 c5 2. Nf3 d6 3. d4 cxd4 4.
Nxd4 Nf6 5. Nc3 a6 6. Be3 Ng4 7. Bg5 h6 8. Bh4 g5 9. Bg3 Bg7 10. h3 Nf6 11. Qd2 Nc6 12. Nxc6 bxc6 13. Bd3 Rb8 14. e5 Nh5 15. exd6 Nxg3 16. fxg3 Qxd6 17. O-O Rxb2 18. Ne4 Qd4+ 19. Kh2 O-O 20. Qe2 f5 21. Nd2 e5 22. Nb3 Qd6 23. Bc4+ Kh8 24. Rad1 Qa3 25.
Rd2 Rxa2 26. Rfd1 Rb2 27. Rd6 Qb4 28. Bxa6 Bxa6 29. Qxa6 Rxc2 30. Na5 Qe4 31. Rg1 f4 32. Rxc6 fxg3+ 33. Kh1 Rcf2 34. Nc4 Qh4 0-1

[Event "Early-Titled-Tuesday-Blitz-September-12-2023"]
[Site "Chess.com"]
[Date "2023.09.12"]
[Round "4"]
[White "Nekoo04"]
[Black "Machteld145"]
[Result "1-0"]
[WhiteElo "2296"]
[BlackElo "2483"]
[TimeControl "180+1"]
[EndTime "8:37:30 PDT"]
[Termination "Nekoo04 won on time"]

1. d4 d5 2. c4 c6 3. Nf3 Nf6 4. g3 e6 5. Bg2 Be7 6. O-O O-O 7. Qc2 Nbd7 8. Bf4 b6 9. cxd5 cxd5 10. Qc6 Ba6 11.
Nc3 Rc8 12. Qa4 Bb7 13. Qxa7 Bc6 14. Qa6 Ne4 15. Qd3 Ndf6 16. Ne5 Bb7 17. Rfc1 Nxc3 18. Rxc3 Rxc3 19. Qxc3 Bd6 20. Rc1 Qe7 21. Qb3 Qd8 22.
Bg5 Be7 23. Nc6 Bxc6 24. Rxc6 Nd7 25. Bf4 f6 26. Rxe6 g5 27. Qxd5 Kh8 28. Bd6 Re8 29.
Bxe7 Rxe7 30. Bh3 g4 31. Bxg4 Rg7 32. Rd6 1-0

[Event "Early-Titled-Tuesday-Blitz-September-12-2023"]
[Site "Chess.com"]
[Date "2023.09.12"]
[Round "4"]
[White "themind1hunter"]
[Black "sokidze"]
[Result "0-1"]
[WhiteElo "2553"]
[BlackElo "2782"]
[TimeControl "180+1"]
[EndTime "8:37:34 PDT"]
[Termination "sokidze won by resignation"]

1. e4 c6 2. d4 d5 3. Nc3 dxe4 4. Nxe4 Bf5 5. Ng3 Bg6 6. h4 h6 7. Nf3 e6 8. Ne5 Bh7 9. Bd3 Bxd3 10. Qxd3 Nd7 11. Bf4 Ngf6 12. O-O-O Be7 13. Ne4 Nxe5 14. Bxe5 Qd5 15. Bxf6 gxf6 16. c4 Qa5 17. Kb1 O-O-O 18. g4 f5 19. gxf5 Qxf5 20. Ng3 Qxd3+ 21. Rxd3 Bf6 22.
Rf3 Bxd4 23. Rxf7 Rhf8 24. Rxf8 Rxf8 25. Ne4 Rf4 26. Re1 Rxh4 27. Kc2 Rf4 28. Kd3 Bxb2 29. Nd6+ Kd7 30. Nxb7 Bd4 31. f3 e5 32. Ke2 e4 33.
fxe4 Rxe4+ 34. Kd1 Rxe1+ 35. Kxe1 Kc7 36. Na5 Bc3+ 0-1

[Event "Early-Titled-Tuesday-Blitz-September-12-2023"]
[Site "Chess.com"]
[Date "2023.09.12"]
[Round "4"]
[White "bazar-wokzal"]
[Black "Goi_Manne"]
[Result "1-0"]
[WhiteElo "2522"]
[BlackElo "2321"]
[TimeControl "180+1"]
[EndTime "8:37:35 PDT"]
[Termination "bazar-wokzal won by resignation"]

1. e4 c6 2. d4 d5 3. f3 e6 4. Nc3 Bb4 5. Be3 Ne7 6. Bd3 O-O 7. Ne2 b6 8. O-O Ba6 9. Bxa6 Nxa6 10. Nf4 Bxc3 11.
bxc3 Rc8 12. a4 c5 13. a5 bxa5 14. Qe2 c4 15. Nh5 Rb8 16. Qf2 Ng6 17. e5 Rb5 18.
f4 Qh4 19. Qf3 Nc7 20. g4 f5 21. exf6 gxf6 22. Bf2 e5 23. Bxh4 Nxh4 24. Qg3 Ng6 25. fxe5 fxe5 26. Rxf8+ Kxf8 27. dxe5 Kg8 28. Nf6+ Kf7 29.
Rf1 Ne6 30. Nxh7+ Kg7 31. Nf6 a4 32. Ne8+ Kg8 33. Rf6 Nef8 34. e6 Rb1+ 35. Kf2 a3 36. Qc7 Rb7 37. Qxb7 Nxe6 38. Rxg6+ 1-0

[Event "Early-Titled-Tuesday-Blitz-September-12-2023"]
[Site "Chess.com"]
[Date "2023.09.12"]
[Round "4"]
[White "Semetey"]
[Black "vedantgoswami"]
[Result "0-1"]
[WhiteElo "2502"]
[BlackElo "2335"]
[TimeControl "180+1"]
[EndTime "8:37:35 PDT"]
[Termination "vedantgoswami won on time"]

1. c4 e5 2. d3 Nf6 3. Nf3 Nc6 4. a3 e4 5. dxe4 Nxe4 6. Nbd2 Nf6 7. b4 d6 8. Bb2 Be7 9. e3 a5 10. b5 Nb8 11. Bd3 Nbd7 12. Nb3 a4 13. Nbd4 Nc5 14. Bc2 O-O 15. h3 Bd7 16. O-O c6 17. Re1 Qb6 18.
Rb1 Rfe8 19. Ba1 Qa5 20. e4 Rad8 21. Re3 Bf8 22. Qe2 Qc7 23. e5 dxe5 24. Nxe5 cxb5 25. Nxb5 Bxb5 26. Rxb5 Ne6 27. Qf3 b6 0-1